 Dungeon Crawl Stone Soup version 0.26-a0-259-g1effd001a9 (webtiles) character file.

Game seed: 7647823269593194320

2983 drasked the Severer (level 9, 0/68 (70) HPs)
             Began as a Hill Orc Monk on July 24, 2020.
             Was an Elder of Beogh.
             Slain by a wolf (5 damage)
             ... led by Grum
             ... on level 8 of the Dungeon.
             The game lasted 00:23:03 (11765 turns).

drasked the Severer (Hill Orc Monk)                Turns: 11765, Time: 00:23:04

HP:   0/68 (70)     AC:  7    Str: 17    XL:     9   Next: 83%
MP:   9/9           EV:  9    Int: 10    God:    Beogh [****..]
Gold: 691           SH:  5    Dex: 13    Spells: 8/8 levels left

rFire    . . .     SeeInvis .   a - +0 hand axe
rCold    . . .     Faith    .   (no shield)
rNeg     . . .     Spirit   .   p - +0 scale mail {rPois} {rPois}
rPois    +         Reflect  +   (no helmet)
rElec    .         Harm     .   k - +0 cloak
rCorr    .                      (no gloves)
MR       .....                  (no boots)
Stlth    ..........             f - amulet of reflection
HPRegen  0.21/turn              W - ring of wizardry {Wiz+, !dWiz+}
MPRegen  0.11/turn              (no ring)

@: heavily drained
A: no striking features
a: Smiting, Recall Orcish Followers, Renounce Religion


You were on level 8 of the Dungeon.
You worshipped Beogh.
Beogh was greatly pleased with you.
You were not hungry.

You visited 1 branch of the dungeon, and saw 8 of its levels.

You collected 691 gold pieces.

Inventory:

Hand Weapons
 a - a +0 hand axe (weapon)
Missiles
 b - 5 atropa-tipped darts
 s - 8 poisoned darts (quivered)
Armour
 k - a +0 cloak (worn)
   (You found it on level 2 of the Dungeon)
 m - a +0 chain mail
   (You found it on level 2 of the Dungeon)
 p - a +0 scale mail of poison resistance (worn) {rPois}
   (You took it off an orc on level 7 of the Dungeon)
 t - a +0 buckler
   (You took it off a gnoll sergeant on level 7 of the Dungeon)
Jewellery
 f - an amulet of reflection (around neck)
   (You found it on level 1 of the Dungeon)
 W - a ring of wizardry (left hand) {Wiz+, !dWiz+}
   (You found it on level 5 of the Dungeon)
Wands
 l - a wand of clouds (5)
   (You found it on level 6 of the Dungeon)
 v - a wand of iceblast (6)
   (You found it on level 4 of the Dungeon)
 y - a wand of disintegration (20)
   (You found it on level 7 of the Dungeon)
Scrolls
 c - 3 scrolls of magic mapping {unknown}
 d - 4 scrolls of remove curse {unknown}
 g - a scroll of enchant weapon {unknown}
 h - 2 scrolls of amnesia {unknown}
 i - a scroll of identify
 j - 2 scrolls of immolation {unknown}
 n - 3 scrolls of enchant armour {unknown}
 o - a scroll of noise {unknown}
 r - 2 scrolls of fear {unknown}
 w - a scroll of holy word {unknown}
Potions
 q - 3 potions of curing
 u - a potion of ambrosia
 x - a potion of haste {unknown}
Comestibles
 e - 18 rations


   Skills:
 - Level 3.6(2.3) Fighting
 + Level 16.2(14.5) Axes
 - Level 2.4(1.2) Dodging
 - Level 1.5(0.3) Stealth
 + Level 2.2(1.0) Shields


You had 8 spell levels left.
You didn't know any spells.
Your spell library was empty.

Dungeon Overview and Level Annotations

Branches:
Dungeon (8/15)
 Temple: D:4-7         Lair: D:8-11

Altars:
Cheibriados
Hepliaklqana
Kikubaaqudgha
Makhleb
Qazlal
Ru
Xom
The Shining One

Shops:
D:6 (

Annotations:
D:4 Menkaure
D:7 1 runed translucent door, exclusion: oklob plant, adozu's ghost, novice DsWn


Message History

A bullfrog comes into view.
The bullfrog gives a loud, deep croak!
You closely miss the bullfrog. The bullfrog barely misses you.
An iguana comes into view.
You hit the bullfrog. The bullfrog hits you.
You hit the bullfrog. You block the bullfrog's attack.
You slash the bullfrog! The bullfrog hits you.
Your orc wizard mumbles some strange words.
Your orc wizard blinks!
You closely miss the bullfrog. You barely miss the bullfrog.
The bullfrog hits you. You block the bullfrog's attack.
You hit the bullfrog. The bullfrog barely misses you.
You closely miss the bullfrog.
The bullfrog dies!
Your base Shields skill increases to level 1!
Your orc wizard looks more experienced.
Your orc wizard gestures at the iguana while chanting.
The magic dart hits the iguana!
The iguana barely misses you.
You closely miss the iguana. You block the iguana's attack.
You barely miss the iguana.
Your orc wizard points at the iguana and mumbles some strange words.
The iguana appears confused.
You hit the iguana.
The iguana closely misses your orc wizard.
Your orc wizard casts a spell at the iguana.
The magic dart hits the iguana.
You barely miss the iguana. You hit the iguana.
You strike the helpless iguana from behind!
You hit the iguana but do no damage. The iguana barely misses you.
You slash the iguana!
You kill the iguana!
You start resting.
Your orc wizard gestures wildly while chanting.
Your orc wizard blinks!
You see here an iguana corpse.
Found a runed mace.
Found a stone staircase leading down.
Found a stone staircase leading up.
You see here a runed mace.
Found a stone staircase leading up.
A wolf comes into view.
The wolf howls!
You hear a howl!
A wolf comes into view.
You hear a howl!
The wolf howls!
The wolf bites you but does no damage.
You slash the wolf! You hit the wolf. The wolf bites you but does no damage.
The wolf bites you.
You hit the wolf. You closely miss the wolf.
The wolf bites you but does no damage. The wolf bites you.
A wolf comes into view.
You slash the wolf!
Your scale mail prevents you from hitting the wolf.
The wolf bites you. x2
You miss the wolf. You hit the wolf. The wolf bites you. x2
You barely miss the wolf. You completely miss the wolf. The wolf bites you!
The wolf closely misses you.
You hit the wolf but do no damage. You completely miss the wolf.
The wolf closely misses you. x2
You hit the wolf but do no damage. You miss the wolf. The wolf bites you!
* * * LOW HITPOINT WARNING * * *
The wolf bites you!
* * * LOW HITPOINT WARNING * * *
You closely miss the wolf. You barely miss the wolf. The wolf bites you!
* * * LOW HITPOINT WARNING * * *
The wolf bites you but does no damage.
You swap places.
The wolf bites you but does no damage. The wolf barely misses your orc wizard.
You block the wolf's attack. The wolf barely misses your orc wizard.
The wolf closely misses your orc wizard.
The wolf barely misses your orc wizard.
Your orc priest mumbles some strange prayers to Beogh against the wolf.
The wolf struggles to resist.
You barely miss the wolf. The wolf barely misses your orc wizard.
The wolf bites you!
* * * LOW HITPOINT WARNING * * *
You closely miss the wolf. The wolf misses your orc wizard. The wolf bites you.
* * * LOW HITPOINT WARNING * * *
The wolf bites your orc wizard!
You hit the wolf but do no damage. The wolf closely misses you.
The wolf bites your orc wizard.
You hit the wolf.
The wolf dies!
Your orc priest looks more experienced.
The wolf bites your orc wizard but does no damage.
Your orc wizard gestures at the wolf while chanting.
The magic dart hits the wolf.
The wolf dies!
Your base Shields skill increases to level 2!
Your orc wizard looks more experienced.
The wolf barely misses your orc wizard.
Your orc priest calls down the wrath of Beogh upon the wolf.
The wolf is smitten.
You see here a wolf corpse.
The wolf bites you!
* * * LOW HITPOINT WARNING * * *
You hit the wolf but do no damage. The wolf bites you but does no damage.
You closely miss the wolf. The wolf bites you.
You die...

##.# # .... .#
.#.##.##. ######
.#...... .... .#..#.##.
#h### ......... #o@.#
.#...####..####o#+#####
...............o......#
#........#.####.......#
#.......#.. #......<#
.......#.# ####.####..#
......#.# .....####..#
.....#.## ....>...#..#
....#.## .....##.#..#


You could see a wolf, a friendly orc priest and 2 friendly orc wizards.

Levels and vault maps discovered:
D:1:      sevenhm_arrival_forest_fort_large_2, layout_basic
D:2:      layout_basic
D:3:      layout_loops_ring, overflow_temple_1_default,
          nicolae_ru_sacrificial_ziggurat, nicolae_overflow_hidden_temple,
          uniq_ijyb
D:4:      minmay_polygon_palace, layout_basic, temple_green, first_ration,
          uniq_menkaure
D:5:      cheibrodos_quashed, layout_cave_pools, kennysheep_mini,
          portal_sewer_entry_d, uniq_grinder
D:6:      layout_basic, kennysheep_little_box, serial_shops,
          nicolae_shop_behind_doors, minmay_tree_intersection,
          makhleb_blood_cavern_becter
D:7:      layout_basic, gammafunk_ghost_grave, grunt_ogre_cave,
          lemuel_oklob_altar
D:8:      wad_pebble_path, layout_basic, uniq_grum

Notes
Turn   | Place    | Note
-------+----------+-------------------------------------------
     0 | D:1      | drasked the Hill Orc Monk began the quest for the Orb.
     0 | D:1      | Reached XP level 1. HP: 19/19 MP: 1/1
    63 | D:1      | Reached XP level 2. HP: 18/26 MP: 2/2
   267 | D:1      | Reached skill level 5 in Axes
   374 | D:1      | Identified a +0 dagger
   433 | D:1      | Identified a +0 dagger
   444 | D:1      | Reached XP level 3. HP: 23/31 MP: 3/3
   581 | D:1      | Identified a +0 short sword
   931 | D:1      | Identified a +0 dagger
  1046 | D:1      | Identified a +0 leather armour (You found it on level 1 of
                  | the Dungeon)
  1526 | D:2      | Identified a +0 club
  1534 | D:2      | Reached skill level 6 in Axes
  1870 | D:2      | Identified a +0 club
  1878 | D:2      | Reached XP level 4. HP: 38/39 MP: 4/4
  2515 | D:2      | HP: 9/39 [adder (1)]
  2518 | D:2      | Reached skill level 7 in Axes
  2520 | D:2      | HP: 7/39 [poisoned by an adder]
  2525 | D:2      | HP: 5/39 [poisoned by an adder]
  2532 | D:2      | HP: 4/39 [poisoned by an adder]
  2540 | D:2      | HP: 3/39 [poisoned by an adder]
  2954 | D:2      | Reached XP level 5. HP: 45/45 MP: 5/5
  3047 | D:2      | Identified a +0 cloak (You found it on level 2 of the
                  | Dungeon)
  3047 | D:2      | Identified 3 scrolls of identify
  3047 | D:2      | Identified an amulet of reflection (You found it on level 1
                  | of the Dungeon)
  3053 | D:2      | Identified a potion of lignification
  3109 | D:2      | Identified a +0 chain mail (You found it on level 2 of the
                  | Dungeon)
  3142 | D:3      | Found a snail-covered altar of Cheibriados.
  3143 | D:3      | Found a hazy altar of Hepliaklqana.
  3155 | D:3      | Identified a +0 club
  3158 | D:3      | Identified a +0 club
  3252 | D:3      | Identified a +0 club
  3298 | D:3      | Identified a +0 hand axe
  3298 | D:3      | Identified a +0 leather armour
  3313 | D:3      | Identified a cursed -3 trident
  3319 | D:3      | Identified a cursed -2 mace
  3322 | D:3      | Identified a +0 club
  3322 | D:3      | Identified a +0 scale mail
  3324 | D:3      | Became a worshipper of Beogh the Brigand
  3324 | D:3      | Reached * piety under Beogh
  3324 | D:3      | Reached ** piety under Beogh
  3332 | D:3      | Identified a +0 dagger
  3332 | D:3      | Identified a +0 robe
  3543 | D:3      | Identified a +4 dagger
  3559 | D:3      | Found a sacrificial altar of Ru.
  3580 | D:3      | Identified a +0 club
  3639 | D:3      | Identified a +0 leather armour
  3639 | D:3      | Noticed Ijyb
  3665 | D:3      | Killed Ijyb
  3665 | D:3      | Reached skill level 8 in Axes
  3848 | D:3      | Identified a +0 club
  3848 | D:3      | Identified a +4 hunting sling
  4091 | D:3      | Found a stormy altar of Qazlal.
  4196 | D:3      | Identified a +0 dagger
  4326 | D:4      | Reached XP level 6. HP: 37/51 MP: 6/6
  4530 | D:4      | Reached skill level 9 in Axes
  4531 | D:4      | Noticed Menkaure
  4775 | D:5      | Entered Level 5 of the Dungeon
  5006 | D:4      | Noticed a phantom
  5085 | D:4      | Killed a phantom
  5101 | D:4      | HP: 8/51 [iguana (10)]
  5110 | D:4      | Reached skill level 10 in Axes
  5110 | D:4      | Reached XP level 7. HP: 12/57 MP: 7/7
  5415 | D:4      | Identified a +0 mace
  5415 | D:4      | Identified a +0 chain mail
  5425 | D:4      | Identified a cursed +0 giant club
  6228 | D:5      | Noticed Grinder
  6236 | D:5      | Paralysed by Grinder for 3 turns
  6242 | D:5      | Paralysed by Grinder for 3 turns
  6462 | D:4      | Identified a ring of wizardry (You found it on level 5 of
                  | the Dungeon)
  6463 | D:4      | Identified 2 potions of curing
  6464 | D:4      | Identified a potion of ambrosia
  6484 | D:5      | Killed Grinder
  6484 | D:5      | Reached skill level 11 in Axes
  6732 | D:5      | Identified a +0 mace
  6732 | D:5      | Identified a +0 short sword
  6733 | D:5      | Identified a cursed -2 dagger
  6740 | D:5      | Identified a +0 flail
  6916 | D:5      | Found a glowing golden altar of the Shining One.
  6940 | D:6      | Reached XP level 8. HP: 63/64 MP: 8/8
  6953 | D:6      | Reached skill level 12 in Axes
  7215 | D:6      | Identified a +0 shortbow
  7420 | D:6      | Identified a +0 hand axe
  7420 | D:6      | Identified a +0 robe
  7466 | D:6      | Identified a +0 falchion
  7466 | D:6      | Identified a +0 robe
  7482 | D:6      | Identified a cursed +1 short sword
  7482 | D:6      | Identified a +0 robe
  7496 | D:6      | Reached skill level 13 in Axes
  7740 | D:6      | Found Coryb Cau's Weapon Boutique.
  7805 | D:6      | Found an ancient bone altar of Kikubaaqudgha.
  8077 | D:6      | Identified a +0 mace
  8077 | D:6      | Identified a +0 hand axe
  8077 | D:6      | Identified a +0 chain mail
  8077 | D:6      | Identified a +0 scale mail
  8079 | D:6      | Identified a +0 mace
  8079 | D:6      | Identified a +0 chain mail
  8092 | D:6      | Reached *** piety under Beogh
  8446 | D:6      | Identified a +0 hand axe
  8446 | D:6      | Identified a +0 ring mail of poison resistance
  8447 | D:6      | Identified a +0 falchion
  8447 | D:6      | Identified a +0 ring mail
  8448 | D:6      | Identified a +0 flail
  8448 | D:6      | Identified a +0 leather armour
  8449 | D:6      | Identified a +0 flail
  8449 | D:6      | Identified a +0 leather armour
  8455 | D:6      | Identified a +0 short sword
  8574 | D:6      | Reached skill level 14 in Axes
  8688 | D:6      | Found a burning altar of Makhleb.
  8705 | D:6      | Reached XP level 9. HP: 48/68 MP: 9/9
  8990 | D:7      | Identified a +0 leather armour
  8991 | D:7      | Identified a +0 dagger
  8991 | D:7      | Identified a +0 ring mail
  8991 | D:7      | Identified a +0 leather armour
  8991 | D:7      | Identified a +0 war axe
  9132 | D:7      | Identified a +0 giant club
  9134 | D:7      | Identified a +0 scale mail of poison resistance
  9146 | D:7      | Identified a +0 club
  9146 | D:7      | Identified a +0 ring mail
  9149 | D:7      | Identified a cursed -1 falchion
  9149 | D:7      | Identified a +0 scale mail
  9241 | D:7      | Noticed an oklob plant
  9322 | D:7      | Found a shimmering altar of Xom.
  9468 | D:7      | Identified a +0 spear
  9468 | D:7      | Identified a +0 ring mail
  9468 | D:7      | Identified a +0 buckler
  9468 | D:7      | Identified a +0 spear
  9468 | D:7      | Identified a +0 flail
  9468 | D:7      | Identified a +0 flail
  9468 | D:7      | Identified a +0 halberd
  9481 | D:7      | HP: 15/68 [gnoll/+0 halberd (7)]
  9482 | D:7      | HP: 1/68 [gnoll sergeant/+0 spear (9)]
  9497 | D:7      | Reached skill level 15 in Axes
  9856 | D:7      | Identified a +0 halberd
  9877 | D:7      | Identified a +0 spear
  9877 | D:7      | Identified a +0 scale mail
  9890 | D:7      | Identified a +0 whip
 10239 | D:7      | Found a runed translucent door.
 10239 | D:7      | Noticed adozu's ghost (novice DsWn)
 10381 | D:7      | Identified 2 potions of degeneration
 10552 | D:8      | HP: 17/68 [wyvern zombie (9)]
 10863 | D:8      | Identified a +4 scimitar
 10863 | D:8      | Identified a +0 robe
 10883 | D:8      | Reached **** piety under Beogh
 10976 | D:8      | Identified a cursed +0 scimitar
 10976 | D:8      | Identified a +0 robe
 10976 | D:8      | Identified a cursed +0 scimitar
 10976 | D:8      | Identified a +0 robe
 10977 | D:8      | Identified a +0 spear
 10977 | D:8      | Identified a +0 robe
 11197 | D:8      | Identified a +2 short sword of freezing
 11197 | D:8      | Identified a +0 robe
 11264 | D:8      | Identified a +0 spear
 11264 | D:8      | Identified a +0 robe
 11265 | D:8      | Identified a +0 dire flail
 11265 | D:8      | Identified a +0 robe
 11265 | D:8      | Identified a cursed +3 hand axe
 11265 | D:8      | Identified a +0 robe
 11297 | D:8      | Reached skill level 16 in Axes
 11305 | D:8      | Identified a +0 flail
 11305 | D:8      | Identified a +0 dagger
 11305 | D:8      | Identified a +1 robe of magic resistance
 11305 | D:8      | Identified a +0 dagger
 11305 | D:8      | Identified a +0 robe
 11485 | D:8      | Identified a cursed +0 dire flail
 11485 | D:8      | Identified a +0 robe
 11678 | D:8      | Reached skill level 1 in Shields
 11758 | D:8      | HP: 12/68 [wolf[Grum] (8)]
 11761 | D:8      | Reached skill level 2 in Shields
 11763 | D:8      | HP: 5/68 [wolf[Grum] (7)]
 11765 | D:8      | Slain by a wolf

Table legend:
 A = Turns spent in this place as a percentage of turns spent in the entire game.
 B = Non-inter-level travel turns spent in this place as a percentage of non-inter-level travel turns spent in the entire game.
 C = Inter-level travel turns spent in this place as a percentage of turns spent in this place.
 D = Turns resting spent in this place as a percentage of non-inter-level travel turns spent in this place.
 E = Turns spent auto-exploring this place as a percentage of non-inter-level travel turns spent in this place.
 F = Non-inter-level travel turns spent in this place divided by the number of levels of this place that you've seen.
                   A       B       C       D       E      F
               +-------+-------+-------+-------+-------+----------------------
         Total | 100.0 | 100.0 |   3.1 |  42.7 |  34.7 | 1425.5
       Dungeon | 100.0 | 100.0 |   3.1 |  42.7 |  34.7 | 1425.5
               +-------+-------+-------+-------+-------+----------------------

Table legend:
 A = Kills in this place as a percentage of kills in entire the game.
 B = Kills by you in this place as a percentage of kills by you in the entire game.
 C = Kills by friends in this place as a percentage of kills by friends in the entire game.
 D = Other kills in this place as a percentage of other kills in the entire game.
 E = Experience gained in this place as a percentage of experience gained in the entire game.
 F = Experience gained in this place divided by the number of levels of this place that you have seen.
                   A       B       C       D       E      F
               +-------+-------+-------+-------+-------+----------------------
         Total | 100.0 | 100.0 | 100.0 |   N/A | 100.0 | 532.8
       Dungeon | 100.0 | 100.0 | 100.0 |   N/A | 100.0 | 532.8
               +-------+-------+-------+-------+-------+----------------------

Skill      XL: |  1  2  3  4  5  6  7  8  9 |
---------------+----------------------------+-----
Axes           | 5 6 7 8 10 11 14 16 | 16.2
Shields        | 2 |  2.2
Fighting       | |  3.6
Dodging        | |  2.4
Stealth        | |  1.5

Action                   |  1- 3 |  4- 6 |  7- 9 || total
-------------------------+-------+-------+-------++-------
Melee: Hand axe          |   113 |   250 |   656 ||  1019
Throw: Stone             |    66 |    99 |    36 ||   201
       Dart              |       |       |    66 ||    66
Invok: Convert to Beogh  |       |     1 |       ||     1
Evoke: Wand              |       |    11 |       ||    11
  Use: Scroll            |       |     2 |     3 ||     5
       Potion            |       |     1 |       ||     1
 Stab: Distracted        |       |       |     2 ||     2
       Confused          |       |       |     1 ||     1
  Eat: Ration            |     1 |     3 |     6 ||    10
Armor: Robe              |    12 |       |       ||    12
       Leather armour    |    14 |     5 |       ||    19
       Chain mail        |       |    78 |    99 ||   177
       Skin              |       |     3 |       ||     3
       Scale mail        |       |       |    52 ||    52
Dodge: Dodged            |    93 |    53 |   152 ||   298
Block: Other             |       |    26 |    83 ||   109
       Reflection        |       |     1 |     2 ||     3

Vanquished Creatures
  Grinder (D:5)
  A sky beast (D:7)
  2 black bears
  An orc warrior (D:6)
  2 phantoms
  An ice beast (D:6)
  2 ogres
  A centaur (D:6)
  A gnoll sergeant (D:7)
  A wyvern zombie (D:8)
  A scorpion (D:6)
  A howler monkey (D:4)
  11 wights
  A bullfrog zombie (D:8)
  4 hounds
  A jelly (D:7)
  A bullfrog skeleton (D:6)
  2 orc priests
  5 iguanas
  An orc wizard (D:3)
  A worker ant (D:3)
  Ijyb (D:3)
  3 hound skeletons
  2 howler monkey zombies
  A worker ant zombie (D:5)
  6 gnolls (D:7)
  15 adders
  2 shadow imps
  A white imp (D:7)
  An adder skeleton (D:5)
  2 worms
  3 dart slugs
  3 leopard geckos
  12 orcs
  8 giant cockroaches
  7 goblins
  7 hobgoblins
  13 jackals
  8 kobolds
  A ball python (D:1)
  6 bats
  4 frilled lizards
  A leopard gecko zombie (D:5)
  8 rats
157 creatures vanquished.

Vanquished Creatures (collateral kills)
  A necrophage (D:6)
  2 wolves (D:8)
  A bullfrog (D:8)
  A gnoll sergeant (D:7)
  A wight (D:8)
  A hound (D:8)
  A quasit (D:7)
  2 hound skeletons (D:7)
  2 gnolls (D:7)
  A shadow imp (D:7)
  A white imp (D:8)
  2 orcs
16 creatures vanquished.

Vanquished Creatures (others)
  An orc warrior (D:7)
  An orc priest (D:7)
  7 orcs
  A frilled lizard (D:3)
  A kobold (D:3)
  A withered plant (D:7)
12 creatures vanquished.

Grand Total: 185 creatures vanquished
